 Dungeon Crawl Stone Soup version 0.15.2 (webtiles) character file.

86 HopeRidesAlone the Insei (level 4, -7/35 HPs)
             Began as a Mummy Monk on Nov 2, 2015.
             Mangled by an ogre
             ... wielding a +0 giant club
              (27 damage)
             ... on Level 4 of the Dungeon.
             The game lasted 00:03:50 (2464 turns).

HopeRidesAlone the Insei (Mummy Monk)               Turns: 2464, Time: 00:03:50

HP  -7/35        AC  6     Str 14      XL: 4   Next: 27%
MP   4/4         EV  9     Int  9      God:
Gold 62          SH  0     Dex 15      Spells:  0 memorised,  3 levels left

rFire  x . .     SeeInvis .       - Unarmed
rCold  + . .     Clarity  .     g - +0 ring mail
rNeg   + + +     rCorr    .     (no shield)
rPois  +         rRot     +     j - +0 helmet
rElec  .         Spirit   .     (no cloak)
SustAb .         Warding  .     (no gloves)
rMut   .         Stasis   .     (no boots)
Gourm  .                        (no amulet)
MR     .....                    (no ring)
                                h - ring of regeneration

@: not resistant to hostile enchantments, very unstealthy
A: no food or potions, fire vulnerability, restore body, cold resistance 1,
negative energy resistance 3, poison resistance, torment resistance, unbreathing
a: no special abilities


You were on level 4 of the Dungeon.
You were not hungry.

You visited 1 branch of the dungeon, and saw 4 of its levels.

You collected 62 gold pieces.


Innate Abilities, Weirdness & Mutations

You do not eat or drink.
Your flesh is vulnerable to fire.
Your flesh is cold resistant.
You are immune to negative energy.
Your system is resistant to poisons.
You are immune to unholy pain and torment.
You can survive without breathing.


   Skills:
 - Level 3.0 Fighting
 - Level 2.4 Dodging
 - Level 1.5 Stealth
 + Level 4.8 Unarmed Combat


You had 3 spell levels left.
You didn't know any spells.

Inventory:

Missiles
 d - 12 poisoned needles
Armour
 a - a +0 robe
 c - a +1 centaur barding
 g - a +0 ring mail (worn)
 j - a +0 helmet (worn)
Scrolls
 b - 2 scrolls of remove curse {unknown}
 e - a scroll of blinking {unknown}
 f - 2 scrolls of identify {unknown}
 k - a scroll of random uselessness {unknown}
Jewellery
 h - a ring of regeneration (left hand)
 i - an uncursed amulet of resist mutation {unknown}
 l - an uncursed amulet of stasis {unknown}
 m - an uncursed ring of ice

Dungeon Overview and Level Annotations

Branches:
Dungeon (4/15)
 Temple: D:4-7

Altars:
Dithmenos

Annotations:
D:3 Natasha

#...............
###..####.......#
#..(..(..%.....###
#.#####(..........
#.# #.#.##.#####
#.# #<.....# #.#
#...####
#.##)#####.######.
#...).OM..........#
##################


You could see an ogre.


Message History

The ogre barely misses you.
You hit the ogre.
The ogre is heavily wounded.
You hit the ogre. You punch the ogre.
The ogre is severely wounded.
The ogre hits you with a giant club!
* * * LOW HITPOINT WARNING * * *
There is a stone staircase leading up here.
You see here 2 tomahawks.
You see here a tomahawk.
You see here a tomahawk.
Things that are here:
a glowing flail; a scale mail
There is a stone staircase leading up here.
You see here 2 tomahawks.
You see here a tomahawk.
You see here a tomahawk.
Things that are here:
a glowing flail; a scale mail You swing at nothing.
You closely miss the ogre.
The ogre is severely wounded.
The ogre hits you with a giant club!
You barely miss the ogre.
The ogre is severely wounded.
You hit the ogre.
The ogre is almost dead.
The ogre hits you with a giant club!!
Ouch! That really hurt!
You die...

Action                   |  1- 3 |  4- 6 || total
-------------------------+-------+-------++-------
Melee: Unarmed           |   129 |    38 ||   167
 Stab: Sleeping          |     3 |       ||     3

Vault maps used:
D:1:      scummos_arrival_checkerplants
D:2:      first_bread, st_stairs_4, nicolae_dithmenos_through_a_glass_darkly
D:3:      uniq_natasha
D:4:      yredelemnul_forgotten_temple_becter, gammafunk_temple_overflow_statue,
          nicolae_tso_swordbearing_angel

Notes
Turn   | Place    | Note
--------------------------------------------------------------
     0 | D:1      | HopeRidesAlone, the Mummy Monk, began the quest for the Orb.
     0 | D:1      | Reached XP level 1. HP: 18/18 MP: 1/1
   345 | D:1      | Reached XP level 2. HP: 20/24 MP: 2/2
   924 | D:1      | Reached skill level 4 in Unarmed Combat
  1002 | D:2      | Reached XP level 3. HP: 24/29 MP: 3/3
  1308 | D:2      | Found a shadowy altar of Dithmenos.
  1713 | D:2      | Reached XP level 4. HP: 24/35 MP: 4/4
  2274 | D:3      | Noticed Natasha
  2287 | D:4      | Noticed an ogre
  2324 | D:4      | HP: 1/35 [ogre/giant club (27)]
  2464 | D:4      | Mangled by an ogre

Vanquished Creatures
  5 adders (D:2)
  A giant gecko (D:2)
  An ooze (D:1)
  3 orcs
  A giant cockroach (D:2)
  6 hobgoblins
  3 jackals (D:1)
  4 bats
  2 giant newts
  6 goblins
  5 kobolds
  6 rats
43 creatures vanquished.
